 Dungeon Crawl Stone Soup version 0.30.0-10-gfe55d96785 (webtiles) character file.

Game seed: 76487720078580165

53 dolemite99 the Ruffian (level 3, -8/31 HPs)
             Began as a Troll Necromancer on May 13, 2023.
             Mangled by an ogre
             ... wielding a +0 giant spiked club
              (22 damage)
             ... on level 4 of the Dungeon.
             The game lasted 00:01:19 (392 turns).

dolemite99 the Ruffian (Troll Necromancer)           Turns: 392, Time: 00:01:20

Health: -8/31      AC:  4    Str: 18    XL:     3   Next: 64%
Magic:  3/3        EV:  9    Int: 11    God:
Gold:   85         SH:  0    Dex: 10    Spells: 3/4 levels left

rFire   . .          .
                       - Unarmed
rCold   . . .        (no shield)
rNeg    . . .        a - +0 robe
rPois   .            (helmet restricted)
rElec   .            (no cloak)
rCorr   .            (gloves unavailable)
SInv    .            (boots unavailable)
Will    .....        (no amulet)
Stlth   +            (no ring)
HPRegen 1.05/turn    (no ring)
MPRegen 0.08/turn

%: no passive effects
@: no status effects
A: large, unfitting armour, claws 3, regeneration 1, shaggy fur 1, tough skin 1
a: no special abilities


You were on level 4 of the Dungeon.
You visited 1 branch of the dungeon, and saw 4 of its levels.

You collected 85 gold pieces.

Inventory:

Armour
 a - a +0 robe (worn)
Jewellery
 g - a +6 ring of intelligence
Scrolls
 c - 2 scrolls of identify {unknown}
 d - a scroll of fear {unknown}
 e - 2 scrolls of teleportation {unknown}
 f - a scroll of magic mapping {unknown}
 h - a scroll of blinking {unknown}
Potions
 b - a potion of magic


   Skills:
 - Level 1.5 Dodging
 - Level 1.0 Stealth
 + Level 3.3 Unarmed Combat
 - Level 1.2 Spellcasting
 - Level 3.2 Necromancy


You had 3 spell levels left.
You knew the following spells:

 Your Spells              Type           Power      Damage    Failure   Level
a - Necrotise             Necr           28%        1d5       9%          1

Your spell library contained the following spells:

 Spells                   Type           Power      Damage    Failure   Level
 Vampiric Draining        Necr           7%         2d6       26%         3
 Animate Dead             Necr           7%         N/A       63%         4
 Agony                    Necr           7%         N/A       93%         5


Dungeon Overview and Level Annotations

Branches:
Dungeon (4/15)
 Temple: D:4-7

Altars:
Makhleb


Innate Abilities, Weirdness & Mutations

You are too large for most types of armour.
You have claws for hands.
Your natural rate of healing is unusually fast.
You are covered in fur. (AC +1)
You have tough skin. (AC +1)


Message History

The adder hisses angrily.
An ogre comes into view. It is wielding a +0 giant club.
An ogre comes into view. It is wielding a +0 giant spiked club.
The adder moves out of view.
The adder bites you but does no damage.
Okay, then.
The adder bites you. The adder attacks as you move away! The adder bites you.
The adder attacks as you move away!
The adder bites you but does no damage. x2
The adder attacks as you move away! The adder bites you but does no damage.
The adder bites you but does no damage. The adder attacks as you move away!
The adder bites you but does no damage. The adder attacks as you move away!
The adder bites you but does no damage.
You barely miss the adder. The adder bites you but does no damage.
You scratch the adder.
The adder is moderately wounded.
The adder bites you but does no damage. x2
You closely miss the adder.
The adder is moderately wounded.
The adder bites you.
You miss the adder.
The adder is moderately wounded.
The adder bites you but does no damage.
You claw the adder!
You kill the adder!
You claw the ogre!
The ogre is heavily wounded.
The ogre hits you with a +0 giant spiked club!!
Ouch! That really hurt!
You scratch the ogre.
The ogre is heavily wounded.
The ogre closely misses you.
You barely miss the ogre.
The ogre is heavily wounded.
Okay, then.
You claw the ogre!
The ogre is severely wounded.
The ogre hits you with a +0 giant spiked club!!
Ouch! That really hurt!
You die...

#...# ###.# ...
#...###...####### ...
#................ ...
#.......#.#######
##... #...#####.#
########.... #...# #.#
###...........
#..†#####.###
##...########..
###)........#####..###
. #.........#.@O..##
#...........#####
#.........###
#.........#
#.........#
#.........#
###########


You could see an ogre.

Vanquished Creatures
  3 adders
  A dart slug (D:4)
  An orc (D:4)
  A bat (D:3)
  3 endoplasms (D:4)
  2 giant cockroaches
  3 goblins (D:3)
  A hobgoblin (D:1)
  5 ball pythons
  2 frilled lizards
  A kobold (D:4)
  A rat (D:3)
24 creatures vanquished.

Notes
Turn   | Place    | Note
-------+----------+-------------------------------------------
     0 | D:1      | dolemite99 the Troll Necromancer began the quest for the
                  | Orb.
     0 | D:1      | Reached XP level 1. HP: 16/16 MP: 1/1
    94 | D:1      | Reached skill level 1 in Unarmed Combat
    99 | D:1      | You fall into a shaft and drop 1 floor!
   135 | D:2      | Reached XP level 2. HP: 15/24 MP: 2/2
   170 | D:3      | Found a burning altar of Makhleb.
   323 | D:4      | Reached XP level 3. HP: 31/31 MP: 3/3
   368 | D:4      | Noticed an ogre
   368 | D:4      | Noticed an ogre
   392 | D:4      | Mangled by an ogre

Illustrated notes

Levels and vault maps discovered:
D:1:      dpeg_arrival_triangle_fractal, layout_basic
D:2:      minmay_angry_zag, layout_basic
D:3:      layout_rooms, mainiacjoe_overflow_boulevard, marbit_many_paths
D:4:      layout_rooms

Skill      XL: |  1  2  3 |
---------------+----------+-----
Unarmed Combat | 2 3 |  3.3
Dodging        | |  1.5
Stealth        | |  1.0
Spellcasting   | |  1.2
Necromancy     | |  3.2

Action                     || total
---------------------------++-------
  Melee: Unarmed           ||    65
   Cast: Necrotise         ||     1
 Armour: Robe              ||    34
  Dodge: Dodged            ||    25
